AoeStats
← Legend

Arena

510760675Analyzed
2v2 RM · 7h ago on Oct 2, 2026· 27m 58s· 4 players
Game mode
Random Map
Map size
Medium (4 player)
Population
200
Speed
Normal
Resources
Standard
Victory
Conquest
Starting age
Dark Age
Ending age
Imperial Age
RankedLock teamsTeams togetherTeam positionsShared explorationLock speedFull tech treeHidden civsTurbo modeCheats
Victory
Defeat
🇷🇺 Slavs · Russia
749
+15
🇪🇬 Turks · Egypt
682
+18
🇺🇸 Spanish · United States
731
-17
🇺🇸 Khmer · United States
710
-16
glut
10:46 Feudal Age
14:09 Castle Age
13:57 Scale Barding Armor
14:18 Double-Bit Axe
14:16 Horse Collar
lemissile93
9:46 Feudal Age
10:23 Double-Bit Axe
14:24 Horse Collar
19:30 Castle Age
24:17 Gold Mining
25:48 Heavy Plow
26:03 Bow Saw
28:01 Wheelbarrow
МТЗ-80
13:07 Feudal Age
14:06 Double-Bit Axe
15:53 Loom
19:10 Forging
19:00 Scale Mail Armor
21:24 Castle Age
23:30 Scale Barding Armor
25:00 Stone Mining
26:13 Gold Mining
27:01 Pikeman
Legend
13:05 Feudal Age
19:57 Castle Age
18:19 Gold Mining
18:27 Double-Bit Axe
21:43 Forging
21:33 Scale Mail Armor
Connection lost

Rejoining the realm…

Still unreachable

The connection could not be restored.

Session expired

The server has moved on; the page needs a fresh start.